Map: Frostline LE

Players

iPlayDefense

  • Race: Terran Terran
  • League: Silver
  • Spawn Location: 1:00

BleuTank - Winner!

  • Race: Zerg Zerg
  • League: Silver
  • Spawn Location: 7:00

VOD

Have the link to the VOD?

Description

Time

  • Played on: April 13, 2025, 10:55 p.m.
  • Length: 6:33
Show
View Real Time Build Order
Export as new Build Order

iPlayDefense Terran 

Build Orders:  

Get SALT Encoding   

  12  0:00  SCV  
  13  0:15  Supply Depot  
  13  0:19  SCV  
  14  0:30  Refinery  
  14  0:31  SCV  
  15  0:42  Barracks  
  15  0:54  SCV  
  15  0:55  Supply Depot  
  16  1:06  SCV  
  15  1:41  Barracks Reactor  
  15  1:44  Supply Depot  
  15  1:45  Orbital Command  
  15  2:17  Marine  
  15  2:18  Marine  
  17  2:25  Barracks  
  17  2:28  SCV, Barracks  
  18  2:35  Marine x2  
  20  3:16  Barracks Reactor x2  
  20  3:23  Refinery  
  20  3:30  Command Center  
  20  3:39  Engineering Bay  
  20  3:40  Engineering Bay  
  20  3:42  SCV  
  21  3:54  SCV  
  21  3:55  Marine x3  
  25  4:06  SCV  
  26  4:13  Terran Infantry Weapons Level 1, Terran Infantry Armor Level 1  
  26  4:18  SCV  
  27  4:28  Marine  
  27  4:29  Marine x3  
  31  4:45  Orbital Command  
  31  4:49  Bunker  
  31  5:04  Supply Depot  
  31  5:24  SCV  
  31  5:26  Marine x5  
  31  5:27  Marine  
  38  5:29  Supply Depot  
  38  5:36  SCV  
  39  5:48  SCV  
  40  6:00  Factory, Barracks  
  40  6:02  Barracks  
Show
View Real Time Build Order
Export as new Build Order

BleuTank Zerg - Winner!

Build Orders: Pool First 

Get SALT Encoding   

  12  0:00  Drone  
  13  0:08  Drone  
  14  0:25  Overlord  
  14  0:36  Spawning Pool  
  14  0:40  Drone  
  14  0:45  Drone  
  15  0:50  Drone  
  15  0:54  Drone  
  17  1:00  Extractor  
  16  1:08  Drone  
  17  1:17  Drone  
  18  1:24  Roach Warren  
  18  1:25  Drone  
  18  1:42  Extractor  
  18  1:43  Drone  
  18  1:45  Queen  
  18  1:46  Drone  
  21  1:50  Extractor  
  20  2:00  Extractor  
  19  2:14  Hatchery  
  18  2:17  Drone x2  
  18  2:19  Drone  
  21  2:29  Drone  
  22  2:40  Overlord  
  22  2:56  Lair  
  22  2:58  Overlord  
  22  3:20  Roach x3  
  28  3:49  Roach x3  
  28  3:50  Roach  
  28  3:51  Overlord  
  36  3:57  Overseer  
  36  4:04  Glial Reconstitution  
  36  4:08  Metabolic Boost  
  36  4:19  Roach x3  
  36  4:21  Drone x2  
  44  4:41  Pneumatized Carapace  
  44  4:43  Overlord  
  44  4:51  Overlord  
  44  5:09  Roach x3  
  44  5:10  Roach x3  
  58  5:14  Roach  
  58  5:26  Ravager  
  59  5:43  Drone  
  59  5:44  Overlord  
  58  6:11  Ravager x2  
  58  6:12  Ravager  
Tags
 
Matchup
TvZ
Opening
Pool First
Replay Pack
DaveSC2
Spawn Locations
Cross Positions
Add a new tag
Caveats
  • Supply blocks, unpowered buildings, or Contaminate may cause inaccurate times.
  • Supply counts are checked every 10 seconds.